 Dungeon Crawl Stone Soup version 0.17.2-1-ge4368a0 (webtiles) character file.

38 magog001 the Conjurer (level 3, -1/27 HPs)
             Began as a Draconian Conjurer on Oct 15, 2016.
             Slain by Sigmund
             ... wielding a +0 scythe
              (10 damage)
             ... on level 2 of the Dungeon.
             The game lasted 00:11:50 (1709 turns).

magog001 the Conjurer (Draconian Conjurer)          Turns: 1709, Time: 00:11:50

Health: -1/27      AC:  5    Str: 11    XL:     3   Next: 25%
Magic:  4/6        EV: 12    Int: 15    God:
Gold:   82         SH:  0    Dex: 11    Spells: 1 memorised, 5 levels left

rFire  . . .     SeeInvis .     (no weapon)
rCold  . . .     Clarity  .     (armour unavailable)
rNeg   . . .     SustAt   .     (no shield)
rPois  .         Gourm    .     (helmet restricted)
rElec  .         Spirit   .     (no cloak)
rCorr  .         Warding  .     (no gloves)
rMut   .         Stasis   .     (no boots)
MR     .....                    (no amulet)
Stlth  ++........               (no ring)
                                (no ring)

@: flying, very slightly contaminated, not resistant to hostile enchantments,
unstealthy
A: unfitting armour, cold-blooded, AC +5
a: no special abilities


You were on level 2 of the Dungeon.
You were not hungry.

You visited 1 branch of the dungeon, and saw 2 of its levels.

You collected 82 gold pieces.

Inventory:

Armour
 f - a +0 buckler
Jewellery
 j - an uncursed amulet of guardian spirit {unknown}
Scrolls
 g - 2 scrolls of recharging {unknown}
 h - a scroll of noise {unknown}
 i - 2 scrolls of teleportation {unknown}
 l - 2 scrolls of remove curse
 p - a scroll of immolation {unknown}
Potions
 c - 2 potions of flight
 d - a potion of curing
 e - 3 potions of agility
 k - a potion of heal wounds {unknown}
Books
 a - a book of Conjurations

   Spells                             Type                      Level
   a - Magic Dart                     Conjuration                  1
   b - Searing Ray                    Conjuration                  2
   c - Dazzling Spray                 Conjuration/Hexes            3
   d - Fulminant Prism                Conjuration/Hexes            4
   e - Iskenderun's Mystic Blast      Conjuration                  4
   f - Iskenderun's Battlesphere      Conjuration/Charms           5
Comestibles
 b - 3 bread rations
 q - a chunk of flesh


   Skills:
 * Level 0.4 Fighting
 * Level 2.5 Dodging
 * Level 1.9 Stealth
 + Level 0.2 Unarmed Combat
 + Level 2.2 Spellcasting
 + Level 4.3 Conjurations


You had 5 spell levels left.
You knew the following spells:

 Your Spells              Type           Power        Failure   Level  Hunger
a - Magic Dart            Conj           ##..         4%          1    #......


Dungeon Overview and Level Annotations

Branches:
Dungeon (2/15)

Altars:
Xom

Annotations:
D:2 Sigmund


Innate Abilities, Weirdness & Mutations

Your plain brown scales are hard (AC +5).
Your body does not fit into most forms of armour.
You are cold-blooded and may be slowed by cold attacks.


Message History

Confirm with . or Enter, or press ? or * to list all spells.
You can't see any susceptible monsters within range! (Use Z to cast anyway.)
Casting: Magic Dart
Confirm with . or Enter, or press ? or * to list all spells.
You don't know that spell.
Unknown command.
Something hits you. Something hits you.
You closely miss something. Something hits you.
You closely miss something. Something hits you!
* * * LOW HITPOINT WARNING * * *
You barely miss something. You hit something. Something barely misses you.
You closely miss something. You tail-slap something.
You hit something but do no damage.
You hear some strange, mumbled words.
Something tries to affect you, but you resist.
You closely miss something.
Your tail-slap misses something.
Something hits you!
You die...

###..# #.......# ##.......
#....# #.....# ####.###
#.#### #...# ###.# #.# #'#
#...# #.####### #.# #.###
#.......# #.# #.#
#.#####.# ##.## #.# #.#
###.####..{## #.#
#.###........@..########.#
#.....#.####....[........#
#.#####.# ##.############
#.......# ### #########


There were no monsters in sight!

Vanquished Creatures
  An adder (D:2)
  A giant cockroach (D:1)
  4 goblins
  3 hobgoblins
  3 bats
  A giant gecko (D:1)
  7 kobolds
  9 rats (D:1)
29 creatures vanquished.

Notes
Turn   | Place    | Note
--------------------------------------------------------------
     0 | D:1      | magog001 the Draconian Conjurer began the quest for the Orb.
     0 | D:1      | Reached XP level 1. HP: 14/14 MP: 3/3
   239 | D:1      | Reached XP level 2. HP: 20/20 MP: 0/5
  1496 | D:2      | Reached XP level 3. HP: 27/27 MP: 0/6
  1635 | D:2      | Found a shimmering altar of Xom.
  1684 | D:2      | Noticed Sigmund
  1709 | D:2      | Slain by Sigmund

Action                   || total
-------------------------++-------
Melee: Unarmed           ||   108
 Cast: Magic Dart        ||    36
  Use: Scroll            ||     1
       Potion            ||     2
  Eat: Bread ration      ||     1
